 Dungeon Sprint DCSS version 0.19-a0-162-gb23b67e (webtiles) character file.

296 Hiddenleafguy the Covert (level 6, 0/48 HPs)
             Began as a Demonspawn Assassin on May 22, 2016.
             Slain by Sonja
             ... wielding a +0 short sword of venom
              (2 damage)
             ... in the Dungeon (Sprint I: "Red Sonja").
             The game lasted 00:00:42 (393 turns).

Hiddenleafguy the Covert (Demonspawn Assassin)       Turns: 393, Time: 00:00:43

Health: 0/48       AC:  7    Str: 11    XL:     6   Next: 12%
Magic:  6/6        EV: 14    Int: 12    God:
Gold:   162        SH:  0    Dex: 17    Spells: 0 memorised, 5 levels left

rFire  . . .     SeeInvis .     a - +2 dagger
rCold  . . .     Gourm    .     c - +0 robe
rNeg   . . .     Faith    .     (no shield)
rPois  .         Spirit   .     (helmet restricted)
rElec  .         Dismiss  .     d - +0 cloak
rCorr  .         Reflect  .     (no gloves)
SustAt .         Harm     .     (no boots)
MR     .....     NoTele   +     (no amulet)
Stlth  +++++.....               (no ring)
                                (no ring)

@: lethally poisoned (0 -> -52), slowed, very slow, not resistant to hostile
enchantments, quite stealthy
A: antennae 2, iridescent scales 1, powered by pain 1
a: no special abilities


You were in the Dungeon.
You were not hungry.

You visited 1 branch You collected 162 gold pieces.

Inventory:

Hand Weapons
 a - a +2 dagger (weapon)
 b - a +0 blowgun
Missiles
 e - 8 poisoned needles
 f - 2 curare-tipped needles
Armour
 c - a +0 robe (worn)
 d - a +0 cloak (worn)
Scrolls
 m - a scroll of blinking
Potions
 h - a potion of curing
 i - a potion of heal wounds
 j - a potion of haste
 k - 2 potions of magic
 l - a potion of berserk rage
Comestibles
 g - a bread ration


   Skills:
 + Level 4.3 Fighting
 + Level 3.3 Short Blades
 + Level 3.9 Throwing
 + Level 3.3 Dodging
 + Level 11.0 Stealth


You had 5 spell levels left.
You didn't know any spells.

Dungeon Overview and Level Annotations

Branches:
Dungeon (1/1)

Altars:
Sif Muna
Vehumet

Annotations:
D Sonja


Innate Abilities, Weirdness & Mutations

You have a pair of antennae on your head.
You are partially covered in iridescent scales (AC +4).
You sometimes gain a little power by taking damage.


Message History

Sonja casts a spell.
Sonja blinks!
There is an open door here.
You feel very sick.
Sonja mumbles some strange words.
Sonja blinks!
Sonja unwields an uncursed blowgun.
Sonja wields an uncursed short sword of venom.
It begins to drip with poison!
Sonja hits you but does no damage.
Sonja hits you with an uncursed short sword of venom.
* * * LOW HITPOINT WARNING * * *
Sonja hits you but does no damage.
You are more poisoned.
You barely miss Sonja.
* * * LOW HITPOINT WARNING * * *
You feel very sick.
Sonja hits you with an uncursed short sword of venom!
* * * LOW HITPOINT WARNING * * *
You are more poisoned.
Sonja hits you with an uncursed short sword of venom.
You die...

#..'..#.)'..#..+
{
#..#####'#####'#
#..# #..# #!#
#..# #### ##%#
#..# #+#..+ #⌠⌠#
{+.(._# ####
#_(#+# ##'# #@#


+$K$+ #$.$# ##.## { #+# { You could see Sonja.

Vanquished Creatures
  Sigmund (D)
  An ogre (D)
  A jelly (D)
  Ijyb (D)
4 creatures vanquished.

Vanquished Creatures (others)
  A gargoyle (D)
1 creature vanquished.

Grand Total: 5 creatures vanquished

Notes
Turn   | Place    | Note
--------------------------------------------------------------
     0 | D        | Hiddenleafguy the Demonspawn Assassin began the quest for the Orb.
     0 | D        | Reached XP level 1. HP: 16/16 MP: 1/1
     6 | D        | Noticed Ijyb
    26 | D        | Killed Ijyb
    26 | D        | Reached skill level 1 in Dodging
    26 | D        | Reached skill level 5 in Stealth
    26 | D        | Gained mutation: You have a pair of small antennae on your head. [demonic ancestry]
    26 | D        | Reached XP level 2. HP: 11/23 MP: 2/2
   119 | D        | Killed a gargoyle
   187 | D        | Noticed an ogre
   191 | D        | Killed an ogre
   191 | D        | Reached skill level 8 in Stealth
   191 | D        | Gained mutation: You have a pair of antennae on your head. [demonic ancestry]
   191 | D        | Reached XP level 3. HP: 14/29 MP: 3/3
   191 | D        | Gained mutation: You are partially covered in iridescent scales (AC +4). [demonic ancestry]
   191 | D        | Reached XP level 4. HP: 17/35 MP: 4/4
   364 | D        | Noticed Sigmund
   367 | D        | Killed Sigmund
   367 | D        | Reached skill level 10 in Stealth
   367 | D        | Gained mutation: You sometimes gain a little power by taking damage. [demonic ancestry]
   367 | D        | Reached XP level 5. HP: 42/42 MP: 5/5
   367 | D        | Reached XP level 6. HP: 48/48 MP: 6/6
   380 | D        | Found a deep blue altar of Sif Muna.
   382 | D        | Found a radiant altar of Vehumet.
   386 | D        | Reached skill level 11 in Stealth
   388 | D        | Noticed Sonja
   393 | D        | HP: 2/48 [Sonja/uncursed short sword of venom (7)]
   393 | D        | Slain by Sonja

Vault maps used:
D:        dungeon_sprint_1

Skill      XL: |  1  2  3  4  5  6 |
---------------+-------------------+-----
Short Blades   | 2 3 |  3.3
Throwing       | 2 3 |  3.9
Dodging        | 1 2 3 |  3.3
Stealth        | 5 8 10 11 | 11.0
Fighting       | 3 4 |  4.3

Action                   |  1- 3 |  4- 6 || total
-------------------------+-------+-------++-------
Melee: Dagger            |    21 |     3 ||    24
 Stab: Sleeping          |     1 |     2 ||     3
Armor: Robe              |     2 |     1 ||     3
Dodge: Dodged            |    11 |     1 ||    12
